 Dungeon Crawl Stone Soup version 0.28.0-53-g5a82cb258f (webtiles) character file.

Game seed: 16766044005658991839

229 safid the Chopper (level 6, 0/52 HPs)
             Began as a Hill Orc Fighter on Aug 15, 2022.
             Slain by Sigmund
             ... wielding a +0 scythe
              (9 damage)
             ... on level 4 of the Dungeon.
             The game lasted 00:04:14 (2894 turns).

safid the Chopper (Hill Orc Fighter)                Turns: 2894, Time: 00:04:15

Health: 0/52       AC: 12    Str: 21    XL:     6   Next: 3%
Magic:  6/6        EV:  5    Int:  8    God:
Gold:   84         SH:  0    Dex: 10    Spells: 5/5 levels left

rFire   . . .      SeeInvis .   a - +0 war axe
rCold   . . .      Faith    .   c - +0 buckler
rNeg    . . .      Spirit   .   p - +0 plate armour
rPois   .          Reflect  .   (no helmet)
rElec   .          Harm     .   (no cloak)
rCorr   .          Rampage  .   r - +0 pair of gloves
Will    .....                   (no boots)
Stlth   ..........              (no amulet)
HPRegen 0.17/turn               b - ring of flight
MPRegen 0.10/turn               (no ring)

@: confused, mighty, flying
A: no striking features
a: no special abilities


You were on level 4 of the Dungeon.
You visited 1 branch of the dungeon, and saw 4 of its levels.

You collected 84 gold pieces.

Inventory:

Hand Weapons
 a - a +0 war axe (weapon)
Missiles
 n - 5 poisoned darts (quivered)
Armour
 c - a +0 buckler (worn)
 p - a +0 plate armour (worn)
 r - a +0 pair of gloves (worn)
Jewellery
 b - a ring of flight (left hand)
Scrolls
 f - 2 scrolls of identify {unknown}
 i - a scroll of fear {unknown}
 l - 2 scrolls of teleportation {unknown}
 m - a scroll of vulnerability {unknown}
 q - a scroll of amnesia {unknown}
Potions
 d - a potion of might
 e - 3 potions of curing {unknown}
 g - a potion of berserk rage {unknown}
 h - 2 potions of haste
 j - 2 potions of attraction {unknown}
 k - 2 potions of lignification {unknown}
 o - a potion of degeneration {unknown}
 s - a potion of heal wounds {unknown}
 t - a potion of magic {unknown}


   Skills:
 - Level 4.0 Fighting
 + Level 6.8 Axes
 - Level 4.0 Armour
 - Level 4.0 Shields


You had 5 spell levels left.
You didn't know any spells.
Your spell library contained the following spells:

 Spells                   Type           Power      Damage    Failure   Level
 Animate Skeleton         Necr           0%         N/A       100%        1
 Apportation              Tloc           0%         N/A       100%        1
 Freeze                   Ice            0%         1d3       100%        1
 Shock                    Conj/Air       0%         1d3       100%        1
 Summon Small Mammal      Summ           0%         N/A       100%        1
 Frozen Ramparts          Ice            0%         1d2       100%        3
 Swiftness                Air            0%         N/A       100%        3
 Airstrike                Air            0%         N/A       100%        4
 Hailstorm                Conj/Ice       0%         3d3       100%        4


Dungeon Overview and Level Annotations

Branches:
Dungeon (4/15)
 Temple: D:4-7

Altars:

Shops:
D:1 =   D:3 =

Portals:
Abyss: D:3

Annotations:
D:3 2 transporters, Chani's ghost, amateur MiFi
D:4 Sigmund


Message History

You are too confused!
You are too confused!
The phantom hits you.
The phantom blinks!
You blink.
Sigmund drinks a potion.
Sigmund seems to speed up.
You are too confused!
You're too confused to move!
Sigmund casts a spell.
Sigmund flickers and vanishes!
Deactivating autopickup; reactivate with Ctrl-A.
The phantom hits you but does no damage.
You miss the phantom. The phantom hits you.
The phantom blinks!
You blink.
You are too confused!
You are more confused.
The phantom hits you.
The phantom blinks!
You blink.
Unknown command.
You closely miss the phantom. Something hits you. The phantom hits you!
The phantom blinks!
You blink.
Unknown command.
You're too confused to move!
The phantom hits you but does no damage.
Unknown command.
A puff of flame appears from out of thin air!
The puff of flame hits you.
The phantom hits you but does no damage.
Unknown command.
You feel very mighty all of a sudden. The phantom hits you.
* * * LOW HITPOINT WARNING * * *
Something hits you but does no damage.
Unknown command.
The phantom hits you.
* * * LOW HITPOINT WARNING * * *
The phantom blinks!
You blink.
Unknown command.
The phantom barely misses you.
Unknown command.
You slice the phantom!!
The phantom is severely damaged.
Something hits you!
You die...

#.# #.# #.#
#######.###
..........#
.......#.#
#.....#
#.....#
#@....##
#W.....#
#).....#
######.##.#
#..#.#
##.#.# ###
#.#.# ..#
#.#.# [.#
#...#


You could see a phantom.

Vanquished Creatures
  A scorpion (D:4)
  A jelly (D:4)
  4 gnolls (D:2)
  2 adders (D:3)
  6 orcs
  7 bats
  5 endoplasms
  4 giant cockroaches
  4 goblins
  5 hobgoblins
  8 jackals
  3 quokkas
  4 ball pythons
  5 frilled lizards
  7 kobolds
  9 rats
75 creatures vanquished.

Notes
Turn   | Place    | Note
-------+----------+-------------------------------------------
     0 | D:1      | safid the Hill Orc Fighter began the quest for the Orb.
     0 | D:1      | Reached XP level 1. HP: 19/19 MP: 1/1
   135 | D:1      | Found Tomesate's Jewellery Emporium.
   163 | D:1      | Reached XP level 2. HP: 27/27 MP: 2/2
   173 | D:1      | Reached skill level 3 in Axes
   283 | D:1      | Reached XP level 3. HP: 21/33 MP: 3/3
   718 | D:2      | Found a faded altar of an unknown god.
   733 | D:2      | Reached XP level 4. HP: 9/40 MP: 4/4
   993 | D:2      | Reached skill level 4 in Axes
  1728 | D:3      | Found a transporter.
  1759 | D:3      | Found Iheid's Jewellery Boutique.
  1903 | D:3      | Reached skill level 5 in Axes
  1908 | D:3      | Reached XP level 5. HP: 32/46 MP: 5/5
  2035 | D:3      | Noticed Chani's ghost (amateur MiFi)
  2036 | D:3      | Found a transporter.
  2053 | D:3      | Found a one-way gate to the infinite horrors of the Abyss.
  2692 | D:4      | Reached skill level 6 in Axes
  2818 | D:4      | Reached XP level 6. HP: 42/52 MP: 6/6
  2882 | D:4      | Noticed Sigmund
  2894 | D:4      | Slain by Sigmund

Illustrated notes

Levels and vault maps discovered:
D:1:      onia_arrival_pentagram, layout_rooms, serial_shops, shop
D:2:      layout_loops_ring, dreamdust_ecumenical_altar_statues,
          minmay_tetromino_t2
D:3:      layout_basic, gammafunk_ghost_abyssal_escape, serial_shops, shop
D:4:      layout_basic, serial_glass, glass_columns_a, glass_columns_c,
          chequers_serial_rivers_room_b, uniq_natasha, uniq_sigmund

Skill      XL: |  1  2  3  4  5 |
---------------+----------------+-----
Axes           | 3 5 6 |  6.8
Fighting       | 4 |  4.0
Armour         | 4 |  4.0
Shields        | 4 |  4.0

Action                   |  1- 3 |  4- 6 || total
-------------------------+-------+-------++-------
Melee: War axe           |   138 |   104 ||   242
  Use: Potion            |       |     1 ||     1
Armor: Scale mail        |    95 |    15 ||   110
       Chain mail        |       |    14 ||    14
       Plate armour      |       |    21 ||    21
Dodge: Dodged            |    94 |    38 ||   132
Block: Buckler           |    40 |    24 ||    64
